 Dungeon Crawl Stone Soup version 0.30-a0-845-g7c6808c8ce (webtiles) character file.

Game seed: 7300571052845661205

163 cforsyth the Sneak (level 5, -2/48 HPs)
             Began as a Kobold Brigand on Mar 3, 2023.
             Slain by a river rat (7 damage)
             ... in a sewer.
             The game lasted 00:04:14 (2604 turns).

cforsyth the Sneak (Kobold Brigand)                 Turns: 2604, Time: 00:04:14

Health: -2/48      AC: 22    Str:  8    XL:     5   Next: 73%
Magic:  5/5        EV:  3    Int: 12    God:
Gold:   106        SH:  0    Dex: 19    Spells: 4/4 levels left

rFire   . . .      SeeInvis .    a - +2 dagger
rCold   . . .      Faith    .    (no shield)
rNeg    . . .      Spirit   .    b - melded +0 robe
rPois   +          Reflect  .    t - melded +2 hat
rElec   .          Rampage  .    c - melded +0 cloak
rCorr   .          NoTele   +    (gloves currently unavailable)
Will    .....                    k - melded +0 pair of boots
Stlth   +++++                    (no amulet)
HPRegen 0.28/turn                (no ring)
MPRegen 0.09/turn                (no ring)

@: tree-form, attractive
A: stationary, stasis, torment immunity, boosted hp, small, no large weapons,
nightstalker 3
a: no special abilities


You were in a sewer.
You were a tree.
You visited 1 branch of the dungeon, and saw 3 of its levels.
You also visited: Sewer.

You collected 106 gold pieces.

Inventory:

Hand Weapons
 a - a +2 dagger (weapon)
Missiles
 d - 14 poisoned darts (quivered)
 e - 3 curare-tipped darts
Armour
 b - a +0 robe (melded)
 c - a +0 cloak (melded)
 k - a +0 pair of boots (melded)
 t - a +2 hat (melded)
Jewellery
 h - a ring of fire
 p - a +6 ring of intelligence
Scrolls
 f - a scroll of enchant weapon {unknown}
 g - 3 scrolls of teleportation
 i - 2 scrolls of blinking
 l - a scroll of fear {unknown}
 m - a scroll of enchant armour {unknown}
 o - 2 scrolls of identify {unknown}
 q - a scroll of magic mapping
 s - 2 scrolls of summoning {unknown}
 u - a scroll of amnesia {unknown}
Potions
 j - 2 potions of attraction
 r - a potion of curing {unknown}


   Skills:
 + Level 3.5 Fighting
 + Level 4.3 Short Blades
 - Level 2.1 Throwing
 + Level 3.1 Dodging
 + Level 6.4 Stealth


You had 4 spell levels left.
You didn't know any spells.
Your spell library contained the following spells:

 Spells                   Type           Power      Damage    Failure   Level
 Magic Dart               Conj           0%         1d3       32%         1
 Call Imp                 Summ           0%         N/A       45%         2
 Mephitic Cloud           Conj/Pois/Air  0%         N/A       69%         3


Dungeon Overview and Level Annotations

Branches:
Dungeon (3/15)              Sewer (1/1)

Altars:

Annotations:
D:2 1 runed translucent door, Crazy Yiuf


Innate Abilities, Weirdness & Mutations

You are a tree.
Your roots penetrate the ground, keeping you stationary.
You cannot be teleported.
You are immune to unholy pain and torment.
Your maximum health is greatly increased.
Your equipment is partially melded.
You are small and have problems with some larger weapons.
You are completely attuned to the shadows.


Message History

The river rat is lightly wounded.
The river rat barely misses you. The river rat closely misses you.
The river rat barely misses you.
You hit the river rat but do no damage.
The river rat is lightly wounded.
The river rat completely misses you. The river rat barely misses you.
The river rat bites you!
You closely miss the river rat.
The river rat is lightly wounded.
You hit the river rat but do no damage.
The river rat is lightly wounded.
The river rat bites you but does no damage.
The river rat barely misses you. The river rat misses you.
You hit the river rat but do no damage.
The river rat is lightly wounded.
The river rat barely misses you. The river rat closely misses you.
The river rat misses you.
You hit the river rat but do no damage.
The river rat is lightly wounded.
The river rat bites you!
* * * LOW HITPOINT WARNING * * *
The river rat completely misses you. The river rat barely misses you.
You hit the river rat but do no damage.
The river rat is lightly wounded.
The river rat barely misses you. The river rat closely misses you.
The river rat bites you.
* * * LOW HITPOINT WARNING * * *
You hit the river rat but do no damage.
The river rat is lightly wounded.
It was a potion of attraction.
You feel attractive to monsters.
The river rat twitches its whiskers.
The river rat barely misses you. x3
It was a potion of lignification.
You turn into a tree.
Your +0 cloak melds into your body.
Your +2 hat melds into your body.
Your +0 pair of boots melds into your body.
Your +0 robe melds into your body.
Your roots penetrate the ground.
The river rat bites you but does no damage.
The river rat bites you!
You die...

#~≈~# #~≈~# #~≈~#
#..# #~≈~# #..#
#~≈~####..#
#~≈~##.#..#
#.≈~##.'..+
#.≈~##.rrr+
#~≈.##.#♣.# #~≈~#
#~≈~####.~# #~≈.#
#~≈.# #÷.# #~≈~#
#~≈~# #.~# #~≈.#
#~≈~####~~####~≈~###
#~≈~~~~~~~~~÷~~~~.~~
#~≈≈≈≈≈≈~~≈≈≈≈≈≈≈≈≈≈
#~.~~~~~.~~..~~.~.~~
#≈≈≈###############.


You could see 3 river rats.

Vanquished Creatures
  A gnoll (D:1)
  5 adders
  A river rat (Sewer)
  4 worms
  3 dart slugs
  An orc (D:2)
  7 bats
  An endoplasm (D:2)
  6 goblins
  9 hobgoblins
  10 jackals
  9 quokkas
  10 ball pythons
  4 frilled lizards
  3 giant cockroaches
  A kobold (D:2)
  3 rats
78 creatures vanquished.

Notes
Turn   | Place    | Note
-------+----------+-------------------------------------------
     0 | D:1      | cforsyth the Kobold Brigand began the quest for the Orb.
     0 | D:1      | Reached XP level 1. HP: 12/12 MP: 1/1
    62 | D:1      | Reached XP level 2. HP: 15/18 MP: 2/2
   520 | D:1      | Reached XP level 3. HP: 22/22 MP: 3/3
  1110 | D:2      | Reached XP level 4. HP: 22/27 MP: 4/4
  1137 | D:2      | Found a faded altar of an unknown god.
  1381 | D:2      | Reached skill level 6 in Stealth
  1535 | D:2      | Reached XP level 5. HP: 32/32 MP: 5/5
  1734 | D:2      | Found a runed translucent door.
  1737 | D:2      | Noticed Crazy Yiuf
  1988 | D:3      | Found a glowing drain.
  2024 | Sewer    | Entered a sewer
  2604 | Sewer    | Slain by a river rat

Illustrated notes

Levels and vault maps discovered:
D:1:      lightli_arrival_windingriver, layout_loops_cross, minmay_fountain_box,
          dreamdust_princess_bridge
D:2:      layout_basic, hellmonk_ecumenical_altar_dog_temple, minmay_surrounded,
          uniq_crazy_yiuf_cottage
D:3:      layout_basic, gup_sewer_entry_pipe, grunt_ministairs_2
Sewer:    sewer_fruit_machine

Skill      XL: |  1  2  3  4  5 |
---------------+----------------+-----
Short Blades   | 3 4 |  4.3
Dodging        | 2 3 |  3.1
Fighting       | 3 |  3.5
Stealth        | 6 |  6.4
Throwing       | |  2.1

Action                     |  1- 3 |  4- 6 || total
---------------------------+-------+-------++-------
  Melee: Dagger            |    70 |   205 ||   275
         Punch             |       |     1 ||     1
    Use: Scroll            |       |     3 ||     3
         Potion            |       |     2 ||     2
   Stab: Sleeping          |    11 |    17 ||    28
         Distracted        |       |     2 ||     2
 Armour: Robe              |    17 |    42 ||    59
         Skin              |       |     1 ||     1
  Dodge: Dodged            |    75 |   148 ||   223

Table legend: (Time is in decaauts)
 A = Elapsed time spent in this place.
 B = Non-inter-level travel time spent in this place.
 C = Inter-level travel time spent in this place.
 D = Time resting spent in this place.
 E = Time spent auto-exploring this place.
 F = Levels seen in this place.
 G = Mean time per level.
                   A        B        C        D        E       F      G
               +--------+--------+--------+--------+--------+-----+--------+
         Total |   2626 |   2461 |    165 |    391 |   1487 |   4 |  656.5 |
       Dungeon |   2015 |   1850 |    165 |    129 |   1362 |   3 |  671.7 |
         Sewer |    611 |    611 |      0 |    262 |    124 |   1 |  611.0 |
               +--------+--------+--------+--------+--------+-----+--------+

Top non-repeatable levels by time:
     D:1: 1036 daAuts
     D:2: 900 daAuts
   Sewer: 611 daAuts
     D:3: 78 daAuts
